woodfighter, chaotic female human Barbarian ------- ------- --}}}}}-- -------------- |.._..| --}}...}}-- --..|`..`..`..`| |`...`| -----|}}.....}}| --...#....[.....| |.)...| |.((||}.......}| --------- --....|-|------|-| ----|---- |..[||}...(...}| --.......-- --.....#..........-----|.......|---------|--|}.....d.}| --------..[)..[..----.....--.........[.....#.......#.....||.....|}}.....@}| --.)........}}}...[.......--....[...[[.[................`.|-.....|-}}.%)}}-- |<).........}{}...........-.....[...)..................._.-.[....|--}}[}}-- --......)...}}}...........--............................`.|-.....|.---|---. --------.........----.....--...........(...#.......#.....||.....|. . . ....... --.......-- .--.....#........[.-----|.......|---------|---......... . . --------- . --....|-+------|-| ----|---- . . . . ... ....).[........*.--...#.........)|.....|.....|. ................. . . . . . . . * --..|`..`..`..`|. |`...`|. . . . . . . ..... . ... . ... ...---------------. ...|.._..|... . ... ... ......... . . . . . . . . . .-------. . . . . ..} ....... ....[ ..... ....................... .........(..... ..... ........}} .}}{ woodfighter the Bandit Experience level: 9 Strength: 18/01 Dexterity: 16 Constitution: 19 Intelligence: 8 Wisdom: 7 Charisma: 6 Health: 0(96) Energy: 21(21) Def: 10 Gold: 452 Moves: 5951 Dungeon seed: DBMxeWXLsKqeniVa Game ID: woodfighter_1446042309 Your Inventory: Coins $ - 452 gold pieces Weapons a - a rusty corroded +0 battle-axe (weapon in hands) j - 7 +0 daggers (in quiver) Armor e - an uncursed +0 ring mail (being worn) L - an uncursed +1 pair of iron shoes (being worn) Z - a blessed +2 dwarvish iron helm (being worn) Potions b - an uncursed potion of levitation i - an uncursed potion of full healing G - an uncursed potion of extra healing P - an uncursed potion of restore ability X - an uncursed potion of water Rings s - a cursed ring of aggravate monster I - a cursed -2 ring of increase damage Wands h - a wand of secret door detection (0:11) B - a wand of undead turning (0:3) Tools t - a blessed oil lamp (0:1012) v - an uncursed skeleton key V - an uncursed oil lamp (0:1474) Y - a +0 pick-axe Gems d - an uncursed sapphire f - an uncursed chrysoberyl stone k - an uncursed jade stone m - an uncursed worthless piece of black glass n - an uncursed amethyst stone r - an uncursed citrine stone u - an uncursed worthless piece of blue glass y - an uncursed garnet stone z - 2 uncursed worthless pieces of violet glass C - 2 uncursed worthless pieces of yellow glass F - 2 uncursed luckstones K - 2 uncursed opals N - 3 uncursed worthless pieces of green glass Q - an uncursed jasper stone T - an uncursed worthless piece of orange glass Spells and supernatural/magical abilities: Name Level Category Fail Memory W - pray for help -- divine ? -- Your skills at the end: Miscellaneous Skills bare handed combat [Basic] Weapon Skills axe [Skilled] short sword [Basic] Spellcasting Skills Final Attributes: You were piously aligned. You were poison resistant. You were stunned. You were fast. You were lucky. You had extra luck. Bad luck did not time out for you. Good luck did not time out for you. You are dead. Vanquished creatures: a large mimic a stalker a small mimic a large cat a tengu a chameleon an elf mummy a soldier a giant beetle a spotted jelly a giant spider an iron piercer 2 ice vortices a vampire bat 2 gnome kings an orc mummy a werewolf 2 chickatrices a dog a dwarf lord a plains centaur 3 apes a Woodland-elf a soldier ant 8 Mordor orcs 12 orc shamans a fog cloud 2 yellow lights 11 gnome lords 4 gnomish wizards 2 ghouls a paper golem 3 giant ants 2 little dogs a floating eye a kitten 21 dwarves a kobold lord a kobold shaman 2 iguanas 15 hill orcs 6 rothes 2 rabid rats 2 monkeys 2 dwarf zombies a wererat a werejackal a killer bee a coyote a hobbit 2 large kobolds a gecko 7 hobgoblins 2 giant rats 6 cave spiders 58 gnomes 3 garter snakes 4 manes a gnome zombie a jackal a kobold 6 newts 6 goblins 4 sewer rats 7 grid bugs 5 bats 4 lichens 252 creatures vanquished. Voluntary challenges: You did not adorn yourself with jewelry or accessories. You used a wielded weapon 322 times, starting on turn 58. You did not apply a unicorn horn. You read items or engraved 6 times, starting on turn 580. You never genocided any monsters. You never polymorphed an object. You never changed form. You used no wishes. You never split a pudding. You never wrote Elbereth's name. You never violated your personal moral code. Dungeon overview: The Dungeons of Doom: levels 1 to 2 Level 1 a long staircase Level 2 a general store, an altar to Crom, a fountain stairs to The Gnomish Mines The Gnomish Mines: levels 3 to 11 Level 3 stairs to The Dungeons of Doom Level 4 Level 5 Level 6 many shops, a temple to Mitra, a magic chest, some fountains Level 7 Level 8 Level 9 Level 10 Level 11 <- You were here many altars to Moloch, some fountains History has recorded: On T:1 you entered the Dungeons of Doom to retrieve the Amulet of Yendor! On T:446 you reached level 2 of The Dungeons of Doom. On T:450 you advanced to experience level 2. On T:503 you advanced to experience level 3. On T:668 you reached level 1 of The Gnomish Mines. On T:677 you reached level 2 of The Gnomish Mines. On T:1054 you advanced to experience level 4. On T:1105 you advanced to experience level 5. On T:1548 you advanced to experience level 6. On T:1805 you reached level 3 of The Gnomish Mines. On T:2319 you reached level 4 of The Gnomish Mines. On T:2533 you advanced to experience level 7. On T:2686 you opened a magic chest. On T:2688 you opened a magic chest. On T:2733 you entered the Minetown temple On T:2963 you opened a magic chest. On T:3074 you reached level 5 of The Gnomish Mines. On T:3294 you reached level 6 of The Gnomish Mines. On T:3944 you opened a magic chest. On T:3994 you opened a magic chest. On T:4106 you advanced to experience level 8. On T:4279 you reached level 7 of The Gnomish Mines. On T:4919 you reached level 8 of The Gnomish Mines. On T:5151 you reached level 9 of The Gnomish Mines. On T:5151 you reached the bottom of the Mines. On T:5394 you advanced to experience level 9. Score breakdown: Gold: 452 ( 45 points) Experience: 9 levels ( 800 points) Exploration: 11 levels ( 300 points) Discoveries: 9 items ( 450 points) Variety of kills: 67 monsters ( 2000 points) Major goal: reached Mine's End ( 1000 points) Survival: died (score multiplied by 3) Total score: 13785 Latest messages: W - an uncursed mummy wrapping. C - a cursed mummy wrapping. U - an uncursed pair of leather gloves. J - a cursed pair of snow boots. m - an uncursed fortune cookie. k - an uncursed tin. E - an uncursed scroll labeled KERNOD WEL. o - an uncursed scroll labeled THARR. x - a blessed scroll labeled VERR YED HORRE. p - an uncursed scroll of create monster. w - an uncursed magenta spellbook. G - an uncursed dark green potion. i - an uncursed magenta potion. s - a cursed moonstone ring. I - a cursed steel ring. D - a cursed wooden ring. You have a little trouble lifting t - a blessed lamp called oil (lit). You have a little trouble lifting V - an uncursed lamp called oil. You have a little trouble lifting H - 2 blessed tallow candles. You have a little trouble lifting A - 12 uncursed tallow candles. You have a little trouble lifting S - 7 blessed wax candles. You have a little trouble lifting N - 3 uncursed green gems. You have a little trouble lifting T - an uncursed orange gem. You fall into the lava! Your elven cloak bursts into flame! Your pair of leather gloves bursts into flame! You burn to a crisp... Final status: Goodbye woodfighter the Barbarian, burned by molten lava... You burned in The Gnomish Mines on dungeon level 11 with 13785 points, and 452 pieces of gold, after 5951 moves. You were level 9 with a maximum of 96 hit points when you burned.